 Dungeon Crawl Stone Soup version 0.28-a0-750-g7c675f85b1 (webtiles) character file.

Game seed: 10637211073570584558

21 ytrimaz the Chopper (level 2, 17/22 HPs)
             Began as a Demonspawn Gladiator on Oct 29, 2021.
             Quit the game on level 1 of the Dungeon.
             The game lasted 00:01:26 (1174 turns).

ytrimaz the Chopper (Demonspawn Gladiator)          Turns: 1174, Time: 00:01:27

Health: 17/22      AC:  4    Str: 14    XL:     2   Next: 62%
Magic:  2/2        EV: 12    Int:  9    God:
Gold:   33         SH:  0    Dex: 14    Spells: 1/1 levels left

rFire   . . .      SeeInvis .   a - +1 war axe
rCold   . . .      Faith    .   (no shield)
rNeg    . . .      Spirit   .   b - +0 leather armour
rPois   .          Reflect  .   c - +0 helmet
rElec   .          Harm     .   (no cloak)
rCorr   .          Rampage  .   (no gloves)
Will    .....                   (no boots)
Stlth   +.........              (no amulet)
HPRegen 0.07/turn               (no ring)
MPRegen 0.08/turn               (no ring)

@: no status effects
A: powered by pain 1
a: no special abilities


You were on level 1 of the Dungeon.
You visited 1 branch of the dungeon, and saw 2 of its levels.

You collected 33 gold pieces.

Inventory:

Hand Weapons
 a - a +1 war axe (weapon)
Missiles
 d - 3 throwing nets (quivered)
Armour
 b - a +0 leather armour (worn)
 c - a +0 helmet (worn)
Potions
 e - a potion of mutation {unknown}
 f - a potion of attraction {unknown}
 i - a potion of brilliance {unknown}
 j - a potion of curing {unknown}


   Skills:
 + Level 2.1 Fighting
 + Level 3.0 Axes
 - Level 1.7 Throwing
 * Level 0.9 Armour
 + Level 2.9 Dodging


You had one spell level left.
You didn't know any spells.
Your spell library was empty.

Dungeon Overview and Level Annotations

Branches:
Dungeon (2/15)

Altars:


Innate Abilities, Weirdness & Mutations

You sometimes gain a little power by taking damage.


Message History

You slash the bush!
You destroy the bush!
You now have 33 gold pieces (gained 5).
Found a ring mail.
You see here a +0 ring mail.
You see here a +0 ring mail.
Found 19 stones.
You see here 19 stones.
There is a dry fountain here.
There is a dry fountain here.
A hobgoblin comes into view.
The hobgoblin shouts!
A hobgoblin is nearby!
A hobgoblin is nearby!
A hobgoblin is nearby!
A hobgoblin is nearby!
The hobgoblin hits you.
You hit the hobgoblin.
The hobgoblin is almost dead.
The hobgoblin hits you. The hobgoblin closely misses you.
You hit the hobgoblin.
You kill the hobgoblin!
You see here a hobgoblin corpse.
A hobgoblin comes into view.
The hobgoblin shouts!
A hobgoblin is nearby!
A hobgoblin is nearby!
A hobgoblin is nearby!
A hobgoblin is nearby!
A hobgoblin is nearby!
A hobgoblin is nearby!
A hobgoblin is nearby!
Welcome back, ytrimaz the Demonspawn Gladiator.
Press ? for a list of commands and other information.
The hobgoblin hits you. The hobgoblin barely misses you.
The hobgoblin hits you.
Are you sure you want to abandon this character and quit the game? (Confirm with "yes".)
Okay, then.
Are you sure you want to abandon this character and quit the game? (Confirm with "yes".)

##.♣.......♣
#.........#
##♣.......♣
#......!#
♣.......♣###
#...........
♣#♣.♣#♣#♣###
#.g###.#
#@.....#
##.##### ...
####


You could see a hobgoblin.

Vanquished Creatures
  2 bats (D:1)
  An endoplasm (D:1)
  2 giant cockroaches (D:1)
  3 goblins (D:1)
  4 hobgoblins (D:1)
  A kobold (D:1)
  3 ball pythons
  A rat (D:1)
  A bush (D:1)
18 creatures vanquished.

Vanquished Creatures (others)
  4 plants
4 creatures vanquished.

Grand Total: 22 creatures vanquished

Notes
Turn   | Place    | Note
-------+----------+-------------------------------------------
     0 | D:1      | ytrimaz the Demonspawn Gladiator began the quest for the
                  | Orb.
     0 | D:1      | Reached XP level 1. HP: 16/16 MP: 1/1
   234 | D:1      | Gained mutation: You sometimes gain a little power by
                  | taking damage. [demonic ancestry]
   234 | D:1      | Reached XP level 2. HP: 19/22 MP: 2/2
   375 | D:1      | Reached skill level 3 in Axes
   460 | D:1      | You fall into a shaft and drop 1 floor!
   604 | D:1      | Found a faded altar of an unknown god.
  1174 | D:1      | Quit the game

Illustrated notes

Levels and vault maps discovered:
D:1:      dpeg_arrival_chambers_temple_mockup, layout_loops_ring, serial_forest,
          infiniplex_forest_lined_2, infiniplex_forest_lined_room_3,
          infiniplex_forest_end_2, infiniplex_forest_lined_3,
          infiniplex_forest_clump_diagonal, infiniplex_forest_end_1,
          infiniplex_forest_straight_2, infiniplex_forest_zigzag_1,
          chequers_ecumenical_altar_lobes
D:2:      layout_loops_ring, serial_bayou, serial_bayou_pond_c,
          serial_bayou_lake_a, serial_bayou_shore_a, serial_bayou_pond_a

Skill      XL: |  1  2 |
---------------+-------+-----
Axes           | 3 |  3.0
Fighting       | |  2.1
Throwing       | |  1.7
Armour         | |  0.9
Dodging        | |  2.9

Action                   || total
-------------------------++-------
Melee: War axe           ||   122
  Use: Scroll            ||     3
Armor: Leather armour    ||    21
Dodge: Dodged            ||    52

Table legend: (Time is in decaauts)
 A = Elapsed time spent in this place.
 B = Non-inter-level travel time spent in this place.
 C = Inter-level travel time spent in this place.
 D = Time resting spent in this place.
 E = Time spent auto-exploring this place.
 F = Levels seen in this place.
 G = Mean time per level.
                   A        B        C        D        E       F      G
               +--------+--------+--------+--------+--------+-----+--------+
         Total |   1217 |   1204 |     13 |      0 |    916 |   2 |  608.5 |
       Dungeon |   1217 |   1204 |     13 |      0 |    916 |   2 |  608.5 |
               +--------+--------+--------+--------+--------+-----+--------+

Top non-repeatable levels by time:
     D:1: 1158 daAuts
     D:2: 59 daAuts
